 Dungeon Crawl Stone Soup version 0.32-a0-841-g4648e6c (webtiles) character file.

Game seed: 4254285176643578073

441 sefie the Slasher (level 7, -2/53 HPs)
             Began as a Coglin Gladiator on Mar 26, 2024.
             Incinerated by a bombardier beetle (3 damage)
             ... with a burning spray
             ... on level 4 of the Dungeon.
             The game lasted 00:14:02 (2465 turns).

sefie the Slasher (Coglin Gladiator)                Turns: 2465, Time: 00:14:03

Health: -2/53      AC:  7    Str: 16    XL:     7   Next: 2%
Magic:  7/7        EV:  9    Int:  7    God:
Gold:   186        SH:  0    Dex: 16    Spells: 6/6 levels left

rFire   . . .        a - +0 long sword {Gaius}
rCold   . . .        o - +0 dagger (speed) {Ishleen}
rNeg    . . .        h - +0 scale mail
rPois   .            c - +0 helmet
rElec   .            (no cloak)
rCorr   .            (no gloves)
SInv    .            (no boots)
Will    .....        (amulet unavailable) Stlth
                     (ring unavailable)
HPRegen 0.28/turn    (ring unavailable)
MPRegen 0.10/turn    (no gizmo)

%: random rage (3%)
@: brilliant, on fire, glowing, revved
A: off-hand wielding, slow wielding, warmup strikes, no jewellery, berserk 1
a: Invent Gizmo


You were on level 4 of the Dungeon.
You visited 1 branch of the dungeon, and saw 4 of its levels.
You also visited: Sewer.

You collected 186 gold pieces.

Inventory:

Hand Weapons
 a - a +0 long sword (weapon) {Gaius}
 o - a +0 dagger of speed (offhand) {Ishleen}
 u - a +0 rapier
Missiles
 d - 7 throwing nets (quivered)
 e - a javelin
 k - 56 stones
 m - 4 boomerangs
Armour
 b - a +0 leather armour
 c - a +0 helmet (worn)
 h - a +0 scale mail (worn)
 r - a +0 plate armour
Wands
 x - a wand of charming (11)
Scrolls
 g - 2 scrolls of acquirement {unknown}
 i - 2 scrolls of identify {unknown}
 p - a scroll of immolation {unknown}
 s - a scroll of fear {unknown}
 v - a scroll of poison {unknown}
Potions
 f - a potion of might {unknown}
 j - a potion of mutation
 l - a potion of heal wounds {unknown}
 n - a potion of haste {unknown}
 q - 2 potions of brilliance
 t - a potion of berserk rage
 w - 2 potions of curing {unknown}


   Skills:
 + Level 3.7 Fighting
 - Level 6.0 Long Blades
 - Level 1.7 Throwing
 + Level 2.8 Armour
 - Level 2.6 Dodging


You had 6 spell levels left.
You didn't know any spells.
Your spell library contained the following spells:

 Spells                   Type           Power      Damage    Failure   Level
 Freeze                   Ice            0%         1d3       86%         1
 Frozen Ramparts          Ice            0%         1d1       99%         3
 Hailstorm                Conj/Ice       0%         3d5       99%         3


Dungeon Overview and Level Annotations

Branches:
Dungeon (4/15)              Sewer (visited)
 Temple: D:4-7

Altars:
Ashenzari
Sif Muna

Annotations:
D:3 1 runed translucent door, ksj2083's ghost, amateur FoHu


Innate Abilities, Weirdness & Mutations

You can wield a second weapon in your off-hand.
It takes a long time for you to wield or remove held weapons.
Your first few attacks do less damage.
You cannot equip rings or amulets.
You sometimes lose your temper in combat.


Message History

You are too injured to fight recklessly!
You are too injured to fight recklessly!
You are too injured to fight recklessly!
You are too injured to fight recklessly!
You hit the gnoll with your +0 long sword.
The gnoll is moderately wounded.
You hit the gnoll but do no damage. The liquid fire burns you!
The gnoll closely misses you.
You hit the gnoll with your +0 dagger of speed.
The gnoll is heavily wounded.
You hit the gnoll with your +0 long sword.
The liquid fire burns you!
* * * LOW HITPOINT WARNING * * *
The gnoll hits you with a +0 flail.
* * * LOW HITPOINT WARNING * * *
You hit the gnoll with your +0 dagger of speed.
The gnoll is heavily wounded.
You barely miss the gnoll with your +0 long sword.
The liquid fire burns you!
* * * LOW HITPOINT WARNING * * *
You hit the gnoll with your +0 long sword.
The gnoll is severely wounded.
You hit the gnoll with your +0 dagger of speed.
You kill the gnoll!
The liquid fire burns you!
* * * LOW HITPOINT WARNING * * *
You have reached level 7!
Your brain swirls with designs for a gyrotuning sprocket.
You just need some more time...
You shake off some of the fire as you move.
The liquid fire burns you!
* * * LOW HITPOINT WARNING * * *
It was a potion of brilliance.
You feel clever all of a sudden. The liquid fire burns you!
* * * LOW HITPOINT WARNING * * *
It was a potion of mutation.
You feel extremely strange.
You feel a little pissed off. The liquid fire burns you!
You die...

#. #. # # #. #.#
.## ###.### ..# #
#.....###.######.
#.##.#
#.##)........
#..<.# #.@.).#
####.###.###.#
#.....# #.#
###.### #.#
........# #.#
..####### ... #$#
#.#


There were no monsters in sight!

Vanquished Creatures
  A crocodile (Sewer)
  A phantom (D:4)
  A brain worm (Sewer)
  A bombardier beetle (D:4)
  5 gnolls
  4 adders
  6 ribbon worms
  A dart slug (D:1)
  An orc (D:3)
  6 endoplasms
  2 giant cockroaches (D:2)
  4 goblins
  7 hobgoblins
  4 jackals
  3 quokkas
  8 ball pythons
  15 bats
  2 frilled lizards (D:1)
  8 kobolds
  9 rats
  A spectral goblin (D:1)
90 creatures vanquished.

Notes
Turn   | Place    | Note
-------+----------+-------------------------------------------
     0 | D:1      | sefie the Coglin Gladiator began the quest for the Orb.
     0 | D:1      | Reached XP level 1. HP: 16/16 MP: 1/1
   151 | D:1      | Reached XP level 2. HP: 22/22 MP: 2/2
   266 | D:1      | Found a faded altar of an unknown god.
   702 | D:1      | Reached XP level 3. HP: 27/27 MP: 3/3
   703 | D:1      | Reached skill level 4 in Long Blades
  1070 | D:2      | Reached XP level 4. HP: 30/34 MP: 4/4
  1446 | D:3      | Found a broken altar of Ashenzari.
  1614 | D:3      | Found a shimmering blue altar of Sif Muna.
  1633 | D:3      | Noticed ksj2083's ghost (amateur FoHu)
  1636 | D:3      | Found a runed translucent door.
  1768 | D:3      | Reached skill level 5 in Long Blades
  1768 | D:3      | Reached XP level 5. HP: 24/39 MP: 5/5
  1947 | D:3      | Reached skill level 1 in Armour
  1958 | D:3      | Found a glowing drain.
  1962 | Sewer    | Entered a sewer
  2000 | Sewer    | Noticed a crocodile
  2007 | Sewer    | Killed a crocodile
  2008 | Sewer    | Reached skill level 6 in Long Blades
  2008 | Sewer    | Reached XP level 6. HP: 47/47 MP: 6/6
  2463 | D:4      | Reached XP level 7. HP: 7/53 MP: 7/7
  2464 | D:4      | HP: 1/53 [burnt (2)]
  2465 | D:4      | Gained mutation: You sometimes lose your temper in combat.
                  | [potion of mutation]
  2465 | D:4      | Incinerated by a bombardier beetle

Illustrated notes

Levels and vault maps discovered:
D:1:      roderic_crop_circles_arrival_small, layout_loops_ring,
          dreamdust_ecumenical_altar_drowned_temple, minmay_split_cup_small
D:2:      layout_loops_ring
D:3:      layout_loops_cross, nicolae_sif_muna_condensation, ashenzari_altar_1,
          lightli_sewer_entry_pipes, hellmonk_ghost_happy_afterlife
D:4:      layout_loops_ring, mainiacjoe_overflow_paths,
          nicolae_overflow_hidden_temple, minmay_temple_entry_slanted,
          serial_shops, shop_fountains, kennysheep_potato, uniq_edmund

Skill      XL: |  1  2  3  4  5 |
---------------+----------------+-----
Long Blades    | 4 5 6 |  6.0
Armour         | 2 |  2.8
Fighting       | 3 |  3.7
Throwing       | |  1.7
Dodging        | |  2.6

Action                     |  1- 3 |  4- 6 |  7- 9 || total
---------------------------+-------+-------+-------++-------
  Melee: Long sword        |    96 |   121 |       ||   217
         Dagger            |    83 |   108 |       ||   191
    Use: Potion            |       |     1 |     2 ||     3
 Armour: Scale mail        |    86 |    72 |       ||   158
         Leather armour    |     1 |       |       ||     1
  Dodge: Dodged            |    43 |    62 |       ||   105

Table legend: (Time is in decaauts)
 A = Elapsed time spent in this place.
 B = Non-inter-level travel time spent in this place.
 C = Inter-level travel time spent in this place.
 D = Time resting spent in this place.
 E = Time spent auto-exploring this place.
 F = Levels seen in this place.
 G = Mean time per level.
                   A        B        C        D        E       F      G
               +--------+--------+--------+--------+--------+-----+--------+
         Total |   2505 |   2396 |    109 |      0 |   1532 |   5 |  501.0 |
       Dungeon |   2375 |   2266 |    109 |      0 |   1524 |   4 |  593.8 |
         Sewer |    130 |    130 |      0 |      0 |      8 |   1 |  130.0 |
               +--------+--------+--------+--------+--------+-----+--------+

Top non-repeatable levels by time:
     D:3: 889 daAuts
     D:1: 775 daAuts
     D:2: 672 daAuts
   Sewer: 130 daAuts
     D:4: 38 daAuts
